 Dungeon Sprint DCSS version 0.22-a0-369-gc73351f (webtiles) character file.

17864 Kidiri the Unseen (level 12, -7/65 HPs)
             Began as a Spriggan Enchanter on Apr 24, 2018.
             Was the Champion of Dithmenos.
             Mangled by a sun demon (8 damage)
             ... summoned by a kobold demonologist
             ... in the Dungeon (Sprint VII: "The Pits").
             The game lasted 00:19:33 (4639 turns).

Kidiri the Unseen (Spriggan Enchanter)              Turns: 4639, Time: 00:19:34

Health: -7/65      AC:  2    Str:  4    XL:     12   Next: 22%
Magic:  13/32      EV: 37    Int: 19    God:    Dithmenos [******]
Gold:   29         SH:  0    Dex: 25    Spells: 30/42 levels left

rFire    + . .     SeeInvis +   r - +2 rapier (flame)
rCold    + . .     Gourm    .   (shield restricted)
rNeg     . . .     Faith    .   i - +2 robe {rC+ rF+}
rPois    .         Spirit   .   (helmet restricted)
rElec    .         Reflect  .   t - +0 cloak
rCorr    .         Harm     .   (gloves unavailable)
MR       ++...     NoTele   +   (boots unavailable)
Stlth    ++++++++++             (no amulet)
HPRegen  0.20/turn              j - +3 ring of dexterity
MPRegen  0.23/turn              o - +3 ring of dexterity

@: corroded, wreathed by umbra, very quick
A: very small, unfitting armour, see invisible, herbivore, speed 3, slow
metabolism 2
a: Shadow Step, Shadow Form, Renounce Religion


You were in the Dungeon.
You worshipped Dithmenos.
Dithmenos was exalted by your worship.
You were not hungry.

You visited 1 branch You collected 29 gold pieces.

Inventory:

Hand Weapons
 a - a +0 dagger of electrocution
 r - a +2 rapier of flaming (weapon)
Armour
 b - a +0 robe
 i - a +2 robe of resistance (worn)
 n - a +0 troll leather armour {Purgy}
 t - a +0 cloak (worn)
Jewellery
 j - a +3 ring of dexterity (left hand)
 o - a +3 ring of dexterity (right hand)
 x - an uncursed ring of protection from magic
 y - an uncursed ring of ice
 A - an uncursed ring of protection from fire
 C - an uncursed ring of resist corrosion
Scrolls
 k - 3 scrolls of remove curse
 l - 5 scrolls of amnesia
 m - a scroll of summoning
 q - 2 scrolls of fear
 u - 6 scrolls of enchant armour
 v - 2 scrolls of blinking
 w - 2 scrolls of enchant weapon
 z - a scroll of magic mapping
 B - a scroll of identify
Potions
 c - 2 potions of invisibility
 e - 11 potions of curing
 f - 5 potions of heal wounds
 g - 3 potions of haste
 h - 4 potions of magic
 p - 4 potions of brilliance
 s - a potion of mutation
Comestibles
 d - 8 rations


   Skills:
 + Level 8.3 Fighting
 * Level 14.5 Short Blades
 + Level 7.6 Armour
 * Level 18.2 Dodging
 * Level 19.7 Stealth
 * Level 15.7 Spellcasting
 + Level 12.1 Hexes


You had 30 spell levels left.
You knew the following spells:

 Your Spells              Type           Power        Failure   Level  Hunger
a - Corona                Hex            ######.      1%          1    None
b - Ensorcelled Hibernat  Hex/Ice        #####.       1%          2    None
c - Confuse               Hex            ######..     1%          3    None
d - Tukima's Dance        Hex            ######..     1%          3    None
e - Dazzling Spray        Conj/Hex       #####.       1%          3    None


Dungeon Overview and Level Annotations

Branches:
Dungeon (1/1)

Altars:
Ashenzari
Cheibriados
Dithmenos
Elyvilon
Fedhas
Gozag
Hepliaklqana
Kikubaaqudgha
Makhleb
Nemelex Xobeh
Okawaru
Qazlal
Ru
Sif Muna
Trog
Uskayaw
Vehumet
Wu Jian
Xom
Yredelemnul
Zin
The Shining One
Beogh
Jiyva
Lugonu

Annotations:
D exclusion: 6 doors


Innate Abilities, Weirdness & Mutations

You are very small and have problems with some larger weapons.
You are too small for most types of armour.
You have supernaturally acute eyesight. (SInv)
You are a herbivore.
You cover ground extremely quickly.
You need to consume almost no food.


Message History

The shadow shard misses the sun demon.
The rust devil screeches!
The sun demon hits you!!
You emit a cloud of dark smoke.
You are engulfed in flames!
You resist.
* * * LOW HITPOINT WARNING * * *
The sun demon completely misses you.
You hit the rust devil but do no damage.
The rust devil is lightly wounded.
Your shadow barely misses the rust devil.
The kobold demonologist gestures wildly while chanting.
The rust devil completely misses you.
Unknown command.
You strike the helpless rust devil from behind!
You stick the rust devil like a pincushion!!!
You kill the rust devil!
Dithmenos accepts your kill. The sun demon hits you!
* * * LOW HITPOINT WARNING * * *
You are engulfed in flames!
You resist.
You die...

##################+#
...............§§§§#
..............§§@§D#
#++##############35#
#K.# #.)# #44# #..#
#..# #..# #..#


You could see a sun demon, an ice devil, a kobold demonologist, a red devil, an
acid dragon and a shadow imp.

Vanquished Creatures
  Josephine (D)
  A death yak (D)
  4 hell hogs (D)
  A deep elf knight (D)
  2 deep trolls (D)
  3 slime creatures (D)
  A sea snake (D)
  A wizard (D)
  A swamp dragon (D)
  A phantasmal warrior (D)
  2 deep elf magi (D)
  An orc sorcerer (D)
  6 elephants (D)
  A rust devil (D)
  A komodo dragon (D)
  3 kobold demonologists (D)
  2 efreet (D)
  A freezing wraith (D)
  An ice devil (D)
  A demonic crawler (D)
  A hellwing (D)
  A jumping spider (D)
  2 polar bears (D)
  Prince Ribbit (D)
  A hornet (D)
  A ynoxinul (D)
  A redback (D)
  A shadow (D)
  A spriggan (D)
  A tarantella (D)
  6 yaks (D)
  A basilisk (D)
  A wyvern (D)
  A chaos spawn (D)
  5 wraiths (D)
  Grum (D)
  A water moccasin (D)
  A small abomination (D)
  Purgy (D)
  A floating eye (D)
  A porcupine (D)
  A sky beast (D)
  A necrophage (D)
  7 wolves (D)
  A scorpion (D)
  A hound (D)
  2 iron imps (D)
  A gnoll shaman (D)
  A jelly (D)
  An iguana (D)
  2 worker ants (D)
  3 gnolls (D)
  An adder (D)
  A white imp (D)
  A leopard gecko (D)
  2 bats (D)
  A giant cockroach (D)
  A goblin (D)
  2 hobgoblins (D)
  3 jackals (D)
  2 frilled lizards (D)
  2 kobolds (D)
  A leopard gecko skeleton (D)
104 creatures vanquished.

Vanquished Creatures (collateral kills)
  A gnoll (D)
1 creature vanquished.

Vanquished Creatures (others)
  A dancing weapon (D)
  An ooze (D)
  An adder simulacrum (D)
  A jackal (D)
4 creatures vanquished.

Grand Total: 109 creatures vanquished

Notes
Turn   | Place    | Note
-------+----------+-------------------------------------------
     0 | D        | Kidiri the Spriggan Enchanter began the quest for the Orb.
     0 | D        | Reached XP level 1. HP: 9/9 MP: 5/5
    47 | D        | Found a bloodstained altar of Trog.
    47 | D        | Found a deep blue altar of Sif Muna.
    47 | D        | Found a viscous altar of Jiyva.
    47 | D        | Found a hazy altar of Hepliaklqana.
    47 | D        | Found an opulent altar of Gozag.
    48 | D        | Found a glowing golden altar of the Shining One.
    48 | D        | Found a glowing silver altar of Zin.
    48 | D        | Found a basalt altar of Yredelemnul.
    48 | D        | Found a shimmering altar of Xom.
    48 | D        | Found an ornate altar of the Wu Jian Council.
    48 | D        | Found a sacrificial altar of Ru.
    48 | D        | Found a stormy altar of Qazlal.
    48 | D        | Found an iron altar of Okawaru.
    48 | D        | Found a sparkling altar of Nemelex Xobeh.
    48 | D        | Found a burning altar of Makhleb.
    48 | D        | Found a blossoming altar of Fedhas.
    48 | D        | Found a white marble altar of Elyvilon.
    48 | D        | Found a shadowy altar of Dithmenos.
    48 | D        | Found a snail-covered altar of Cheibriados.
    50 | D        | Found a radiant altar of Vehumet.
    50 | D        | Found a corrupted altar of Lugonu.
    50 | D        | Found a roughly hewn altar of Beogh.
    51 | D        | Found a hide-covered altar of Uskayaw.
    51 | D        | Found an ancient bone altar of Kikubaaqudgha.
    51 | D        | Found a shattered altar of Ashenzari.
    60 | D        | Became a worshipper of Dithmenos the Shadowed
    76 | D        | Noticed a worker ant
   231 | D        | Killed a worker ant
   231 | D        | Reached skill level 1 in Fighting
   231 | D        | Reached skill level 1 in Armour
   231 | D        | Reached skill level 5 in Stealth
   231 | D        | Reached XP level 2. HP: 6/14 MP: 4/8
   259 | D        | Learned a level 2 spell: Ensorcelled Hibernation
   458 | D        | Reached * piety under Dithmenos
   458 | D        | Reached XP level 3. HP: 18/18 MP: 6/9
   507 | D        | Learned a level 3 spell: Confuse
   514 | D        | Reached skill level 6 in Stealth
   521 | D        | Reached ** piety under Dithmenos
   521 | D        | Reached skill level 5 in Dodging
   601 | D        | Learned a level 3 spell: Tukima's Dance
   655 | D        | Reached XP level 4. HP: 23/23 MP: 0/11
   661 | D        | Reached skill level 7 in Stealth
   661 | D        | Reached skill level 5 in Spellcasting
   666 | D        | Reached *** piety under Dithmenos
   922 | D        | Learned a level 3 spell: Dazzling Spray
   923 | D        | Noticed Purgy
   926 | D        | Killed Purgy
   926 | D        | Reached skill level 5 in Short Blades
   926 | D        | Reached skill level 8 in Stealth
   926 | D        | Reached skill level 5 in Hexes
   926 | D        | Reached XP level 5. HP: 27/27 MP: 12/14
   931 | D        | Reached **** piety under Dithmenos
   948 | D        | Reached skill level 9 in Stealth
   997 | D        | Noticed a wyvern
   999 | D        | Killed a wyvern
   999 | D        | Reached ***** piety under Dithmenos
   999 | D        | Reached skill level 10 in Stealth
   999 | D        | Reached XP level 6. HP: 32/32 MP: 15/17
  1001 | D        | Noticed a floating eye
  1001 | D        | Noticed a sky beast
  1003 | D        | Killed a sky beast
  1005 | D        | Killed a floating eye
  1005 | D        | Reached XP level 7. HP: 36/36 MP: 15/19
  1008 | D        | Reached skill level 10 in Dodging
  1008 | D        | Reached skill level 11 in Stealth
  1225 | D        | Noticed a basilisk
  1225 | D        | Noticed Josephine
  1225 | D        | Noticed a wraith
  1225 | D        | Noticed a wraith
  1225 | D        | Noticed a wraith
  1225 | D        | Noticed a wraith
  1225 | D        | Noticed a wraith
  1400 | D        | Killed a basilisk
  1412 | D        | Killed Josephine
  1412 | D        | Reached skill level 12 in Stealth
  1412 | D        | Reached skill level 10 in Spellcasting
  1412 | D        | Reached XP level 8. HP: 25/42 MP: 2/23
  1416 | D        | Reached skill level 13 in Stealth
  1715 | D        | Reached skill level 5 in Fighting
  1715 | D        | Reached XP level 9. HP: 39/47 MP: 1/24
  1820 | D        | Reached ****** piety under Dithmenos
  1987 | D        | Noticed a deep elf mage
  1989 | D        | Killed a deep elf mage
  1989 | D        | Reached skill level 10 in Short Blades
  1989 | D        | Reached skill level 14 in Stealth
  2143 | D        | Reached skill level 5 in Armour
  2222 | D        | Noticed a jumping spider
  2224 | D        | Killed a jumping spider
  2270 | D        | Noticed an orc sorcerer
  2270 | D        | Noticed a deep troll
  2270 | D        | Noticed a sea snake
  2288 | D        | Killed an orc sorcerer
  2290 | D        | Killed a sea snake
  2290 | D        | Reached skill level 15 in Stealth
  2304 | D        | Killed a deep troll
  2304 | D        | Reached XP level 10. HP: 40/53 MP: 13/27
  2380 | D        | Noticed a phantasmal warrior
  2390 | D        | Killed a phantasmal warrior
  2452 | D        | Reached skill level 16 in Stealth
  2458 | D        | Noticed a deep elf mage
  2460 | D        | Killed a deep elf mage
  2460 | D        | Reached skill level 10 in Hexes
  2462 | D        | Reached skill level 15 in Dodging
  2555 | D        | Noticed a swamp dragon
  2555 | D        | Noticed Grum
  2556 | D        | Noticed a deep elf knight
  2557 | D        | Killed Grum
  2619 | D        | Killed a deep elf knight
  2775 | D        | Killed a swamp dragon
  2775 | D        | Reached skill level 17 in Stealth
  2775 | D        | Reached XP level 11. HP: 58/58 MP: 18/29
  2964 | D        | Noticed Prince Ribbit
  2965 | D        | Noticed a hell hog
  2965 | D        | Noticed a hell hog
  2965 | D        | Noticed a hell hog
  2965 | D        | Noticed a hell hog
  2966 | D        | Killed Prince Ribbit
  2968 | D        | Noticed a death yak
  3313 | D        | Killed a hell hog
  3316 | D        | Killed a hell hog
  3320 | D        | Killed a hell hog
  3320 | D        | Reached skill level 18 in Stealth
  3322 | D        | HP: 1/58 [hell hog (13)]
  3330 | D        | Killed a hell hog
  3792 | D        | Killed a death yak
  4175 | D        | Noticed a deep troll
  4181 | D        | Reached skill level 15 in Spellcasting
  4184 | D        | Killed a deep troll
  4184 | D        | Reached skill level 19 in Stealth
  4381 | D        | Reached XP level 12. HP: 38/64 MP: 8/32
  4639 | D        | HP: 1/65 [sun demon[a kobold demonologist] (13)]
  4639 | D        | Mangled by a sun demon

Vault maps used:
D:        pitsprint

Skill      XL: |  1  2  3  4  5  6  7  8  9 10 11 12 |
---------------+-------------------------------------+-----
Spellcasting   | 4 6 7 8 10 12 13 15 | 15.7
Fighting       | 1 2 3 4 5 6 8 |  8.3
Short Blades   | 2 3 5 6 7 9 11 12 14 | 14.5
Armour         | 1 2 3 4 5 6 7 |  7.6
Dodging        | 4 5 7 9 11 12 14 15 17 18 | 18.2
Stealth        | 5 6 8 10 12 13 15 17 19 | 19.7
Hexes          | 4 5 6 7 8 9 10 11 12 | 12.1

Action                   |  1- 3 |  4- 6 |  7- 9 | 10-12 || total
-------------------------+-------+-------+-------+-------++-------
Melee: Dagger            |    49 |    21 |    53 |       ||   123
       Rapier            |       |       |    22 |   153 ||   175
 Cast: Corona            |     5 |       |       |       ||     5
       Ensorcelled Hiber |     8 |     1 |     1 |    16 ||    26
       Confuse           |     1 |     1 |    21 |    37 ||    60
       Tukima's Dance    |     1 |       |       |       ||     1
       Dazzling Spray    |       |       |    20 |    41 ||    61
Invok: Shadow Step       |       |       |     5 |    12 ||    17
  Use: Potion            |     3 |       |     1 |     9 ||    13
       Scroll            |       |       |     1 |       ||     1
 Stab: Sleeping          |     6 |    10 |     4 |    24 ||    44
       Confused          |       |     1 |     9 |    16 ||    26
       Distracted        |       |       |     1 |       ||     1
       Invisible         |       |       |       |    16 ||    16
  Eat: Ration            |       |       |       |     2 ||     2
Armor: Robe              |       |     1 |     2 |     1 ||     4
Dodge: Dodged            |    39 |     4 |    84 |   195 ||   322

Table legend:
 A = Spawn XP
 B = Non-spawn XP
 C = Spawn XP percentage of total XP
 D = Spawn monster count
 E = Non-spawn monster count
 F = Spawn count percentage of total count
 G = Total turns spent on level
                    A         B        C        D         E        F      G
               +---------+---------+-------+---------+---------+-------+---------
         Total |       0 |   25520 |   0.0 |       0 |     105 |   0.0 |  4639
               +---------+---------+-------+---------+---------+-------+---------
             D |       0 |   25520 |   0.0 |       0 |     105 |   0.0 |  4639
               +---------+---------+-------+---------+---------+-------+---------
